AoeStats
← BraniacTr

Fortress

509699478Analyzed
4v4 RM · 5d ago on Sep 27, 2026· 59m 26s· 8 players
Game mode
Random Map
Map size
Huge
Population
200
Speed
Normal
Resources
Standard
Victory
Conquest
Starting age
Dark Age
Ending age
Imperial Age
RankedLock teamsTeams togetherTeam positionsShared explorationLock speedFull tech treeHidden civsTurbo modeCheats
Victory
Defeat
🇪🇸 Cumans · Spain
749
+14
🇩🇪 Britons · Germany
741
+14
🇹🇷 Huns · Türkiye
730
+15
🇦🇺 Spanish · Australia
709
+15
🇺🇦 Britons · Ukraine
750
-17
🇺🇸 Teutons · United States
742
-16
🇹🇼 Romans · Taiwan
669
-13
🇫🇷 Franks · France
633
-12
DetectiveHolt
7:01 Feudal Age
14:43 Castle Age
18:42 Double-Bit Axe
25:03 Pikeman
27:54 Horse Collar
28:27 Bow Saw
33:10 Imperial Age
32:33 Heavy Plow
33:17 Bloodlines
34:19 Conscription
33:22 Cavalier
34:08 Halberdier
36:39 Forging
39:30 Town Watch
40:20 Fortified Wall
40:08 Murder Holes
eva
7:10 Feudal Age
16:02 Castle Age
14:49 Wheelbarrow
14:02 Loom
14:52 Double-Bit Axe
15:33 Gold Mining
15:39 Stone Mining
17:45 Hand Cart
20:15 Murder Holes
21:08 Bow Saw
21:41 Horse Collar
23:06 Capped Ram
24:19 Steppe Husbandry
25:01 Heavy Plow
26:18 Bloodlines
31:46 Imperial Age
30:18 Caravan
30:34 Squires
30:52 Padded Archer Armor
30:59 Scale Mail Armor
31:28 Town Watch
32:16 Scale Barding Armor
32:22 Forging
32:29 Leather Archer Armor
32:05 Fletching
32:31 Chain Mail Armor
32:59 Conscription
33:43 Pikeman
35:01 Chain Barding Armor
35:17 Iron Casting
35:09 Ballistics
35:00 Masonry
35:43 Siege Ram
37:11 Onager
39:03 Plate Barding Armor
38:25 Bodkin Arrow
39:00 Plate Mail Armor
38:56 Cavalier
41:07 Ring Archer Armor
43:57 Blast Furnace
43:39 Elite Kipchak
51:49 Elite Skirmisher
52:55 Light Cavalry
Halisker
0:28 Loom
10:17 Feudal Age
11:15 Horse Collar
11:24 Double-Bit Axe
18:54 Castle Age
17:47 Scale Barding Armor
18:34 Gold Mining
18:35 Stone Mining
19:05 Fletching
19:16 Padded Archer Armor
19:57 Bow Saw
20:05 Heavy Plow
23:01 Husbandry
23:00 Bodkin Arrow
23:20 Caravan
27:52 Gold Shaft Mining
32:22 Leather Archer Armor
32:18 Forging
32:09 Scale Mail Armor
32:29 Chain Barding Armor
34:27 Ballistics
34:05 Murder Holes
34:22 Masonry
33:53 Treadmill Crane
34:04 Heated Shot
34:24 Fortified Wall
36:54 Imperial Age
35:02 Wheelbarrow
34:13 Town Watch
36:38 Hand Cart
36:24 Town Patrol
37:02 Iron Casting
36:42 Chain Mail Armor
36:20 Heated Shot
36:40 Fortified Wall
36:59 Yeomen
36:58 Elite Longbowman
37:41 Warwolf
38:02 Conscription
38:18 Hoardings
37:15 Sappers
37:08 Capped Ram
37:56 Bracer
38:48 Ring Archer Armor
38:25 Pikeman
39:06 Squires
38:52 Arson
40:20 Blast Furnace
39:51 Plate Mail Armor
39:56 Plate Barding Armor
40:25 Chemistry
39:15 Arrowslits
39:02 Halberdier
44:30 Heavy Scorpion
44:31 Onager
44:33 Man-at-Arms
44:59 Gambesons
44:47 Cavalier
44:48 Light Cavalry
44:50 Heavy Mounted Crossbowman
44:51 Cranequins
44:51 Elite Skirmisher
44:52 Crossbowman
46:43 Two-Man Saw
46:11 Siege Engineers
46:36 Architecture
49:40 Long Swordsman
54:24 Guilds
54:45 Coinage
57:40 Banking
BraniacTr
1:10 Loom
10:35 Feudal Age
11:57 Double-Bit Axe
12:50 Wheelbarrow
12:01 Horse Collar
12:19 Gold Mining
12:22 Stone Mining
19:24 Castle Age
21:25 Bow Saw
23:17 Fervor
26:28 Imperial Age
24:37 Gold Shaft Mining
25:11 Hand Cart
28:29 Conscription
29:32 Scale Mail Armor
30:53 Murder Holes
32:21 Arson
32:53 Squires
33:31 Ballistics
33:57 Masonry
34:49 Chain Mail Armor
34:44 Forging
36:30 Forging
35:51 Pikeman
38:08 Caravan
38:39 Coinage
38:19 Guilds
39:10 Iron Casting
38:36 Padded Archer Armor
38:27 Fletching
40:57 Banking
40:37 Guilds
41:08 Heavy Plow
42:42 Chemistry
43:30 Blast Furnace
42:46 Leather Archer Armor
44:09 Fletching
45:46 Two-Man Saw
47:22 Elite Skirmisher
47:39 Halberdier
49:56 Atheism
50:31 Husbandry
49:52 Cavalier
50:42 Bloodlines
50:07 Elite Skirmisher
50:47 Bodkin Arrow
52:19 Sappers
52:57 Paladin
54:45 Bracer
54:51 Scale Barding Armor
55:59 Thumb Ring
ArepitoElote
7:34 Feudal Age
8:25 Man-at-Arms
17:09 Castle Age
16:10 Bloodlines
15:58 Loom
18:14 Castle Age
28:54 Imperial Age
31:30 Cavalier
42:33 Long Swordsman
43:00 Arson
44:08 Forging
43:59 Scale Mail Armor
44:04 Two-Handed Swordsman
46:06 Iron Casting
45:47 Chain Mail Armor
45:03 Champion
He
1:27 Loom
7:45 Feudal Age
8:18 Double-Bit Axe
15:01 Castle Age
13:45 Stone Mining
13:48 Gold Mining
14:02 Horse Collar
22:49 Heavy Plow
30:00 Imperial Age
27:59 Bow Saw
28:34 Squires
29:27 Wheelbarrow
30:02 Fletching
30:12 Padded Archer Armor
31:02 Conscription
31:57 Bodkin Arrow
32:18 Leather Archer Armor
34:09 Bracer
34:39 Ring Archer Armor
34:53 Hand Cart
34:42 Town Watch
35:00 Treadmill Crane
36:18 Caravan
36:55 Siege Engineers
37:12 Elite Longbowman
38:17 Yeomen
37:43 Pikeman
38:11 Halberdier
40:18 Two-Man Saw
39:40 Ballistics
39:17 Murder Holes
39:40 Forging
39:31 Scale Mail Armor
39:44 Guilds
41:51 Gold Shaft Mining
42:22 Chemistry
45:36 Iron Casting
45:17 Chain Mail Armor
47:25 Heavy Scorpion
ToNi0
7:06 Feudal Age
7:44 Double-Bit Axe
17:09 Castle Age
15:35 Stone Mining
17:32 Pikeman
19:57 Gold Mining
23:35 Caravan
28:26 Imperial Age
28:21 Bow Saw
31:13 Fortified Wall
32:04 Chemistry
32:31 Conscription
33:18 Wheelbarrow
32:28 Town Watch
32:30 Man-at-Arms
32:56 Gambesons
34:20 Murder Holes
33:56 Long Swordsman
35:26 Hand Cart
37:34 Two-Handed Swordsman
37:39 Elite Skirmisher
38:54 Siege Engineers
40:24 Town Patrol
40:32 Squires
40:17 Arson
50:10 Loom
50:12 Arrowslits
50:48 Ballistics
50:39 Masonry
55:35 Husbandry
iiiqq-qwzaa---q
Connection lost

Rejoining the realm…

Still unreachable

The connection could not be restored.

Session expired

The server has moved on; the page needs a fresh start.